Match 45120180
Unlisted

Match 45120180
End
Panzergrenadier Squad
Panzergrenadier Squad
Construct Light Support Kompanie
Selects Italian Infantry
MG34 Team
Panzerjäger Squad
Assault Grenadier Squad
Selects Guastatori Squad
2.5-tonne Medical Truck
Construct Mechanized Kompanie
Marder III Tank Destroyer
Selects Defensive Operations
Panzerpioneer Squad
2.5-tonne Medical Truck
Selects Prepared Positions
Fire Support Elements
StuG III D Assault Gun
Selects Registered Artillery
Marder III Tank Destroyer
Guastatori Squad
Construct Panzerarmee Kommand
Registered Artillery
Panzergrenadier Squad
Selects Obice 305mm Barrage
Veteran Squad Leaders
Obice 305mm Barrage
Panzergrenadier Squad
2.5-tonne Medical Truck
Walking Stuka Rocket Launcher
Obice 305mm Barrage
Selects Towed Cannone da 105/28 Field Howitzer
Marder III Tank Destroyer
Obice 305mm Barrage
Walking Stuka Rocket Launcher
Panzergrenadier Squad
Flak 36 Anti-tank Gun Team
2.5-tonne Medical Truck
Pak 38 Anti-tank Gun Team
Registered Artillery
Walking Stuka Rocket Launcher
Panzerpioneer Squad
Panzerpioneer Squad
Flak 36 Anti-tank Gun Team
smurfdurf
Vanghoul
哎呀妈呀
SMOKO
lol
MG22
0
0

Comments sign in to comment!

No comments posted yet!